 Dungeon Crawl Stone Soup version 0.31.0-32-g396128a36d (webtiles) character file.

Game seed: 2490241339132315695

28 Jinxx the Chiller (level 2, -2/19 HPs)
             Began as a Demonspawn Ice Elementalist on Apr 6, 2024.
             Slain by a gnoll
             ... wielding a +0 spear
              (6 damage)
             ... on level 2 of the Dungeon.
             The game lasted 00:03:05 (950 turns).

Jinxx the Chiller (Demonspawn Ice Elementalist)      Turns: 950, Time: 00:03:05

Health: -2/19      AC:  2    Str:  8    XL:     2   Next: 96%
Magic:  3/5        EV: 12    Int: 15    God:
Gold:   57         SH:  0    Dex: 13    Spells: 4/5 levels left

rFire   . . .        c - +0 dagger
rCold   . . .        (no shield)
rNeg    . . .        a - +0 robe
rPois   .            (no helmet)
rElec   .            (no cloak)
rCorr   .            (no gloves)
SInv    .            (no boots)
Will    .....        f - amulet of regeneration
Stlth   ++           (no ring)
HPRegen 0.23/turn    (no ring)
MPRegen 0.09/turn

%: no passive effects
@: no status effects
A: demonic guardian 1
a: no special abilities


You were on level 2 of the Dungeon.
You visited 1 branch of the dungeon, and saw 2 of its levels.

You collected 57 gold pieces.

Inventory:

Hand Weapons
 c - a +0 dagger (weapon)
Armour
 a - a +0 robe (worn)
Jewellery
 f - an amulet of regeneration (around neck)
Potions
 b - a potion of magic
 d - a potion of berserk rage {unknown}
 e - a potion of heal wounds {unknown}


   Skills:
 * Level 0.1 Armour
 * Level 1.8 Dodging
 + Level 1.8 Stealth
 * Level 2.3 Spellcasting
 * Level 4.2 Ice Magic


You had 4 spell levels left.
You knew the following spells:

 Your Spells              Type           Power      Damage    Failure   Level
a - Freeze                Ice            56%        1d7       3%          1

Your spell library contained the following spells:

 Spells                   Type           Power      Damage    Failure   Level
 Frozen Ramparts          Ice            28%        1d5       11%         3
 Ozocubu's Armour         Ice            14%        N/A       11%         3
 Summon Ice Beast         Ice/Summ       8%         N/A       26%         3


Dungeon Overview and Level Annotations

Branches:
Dungeon (2/15)

Altars:


Innate Abilities, Weirdness & Mutations

A weak demonic guardian rushes to your aid.


Message History

Done exploring.
Done exploring.
No target in view!
You see here a giant cockroach corpse.
There is a stone staircase leading down here.
You climb downwards.
The gnoll shouts! x2
Found a thick amethyst amulet.
There is a stone staircase leading up here.
You see here an amulet of regeneration.
f - an amulet of regeneration You start putting on your amulet.
You continue putting on your amulet of regeneration. x2
The gnoll hits you from afar with a +0 spear.
You continue putting on your amulet of regeneration.
The gnoll misses you. The gnoll completely misses you.
You continue putting on your amulet of regeneration.
The gnoll hits you with a +0 club.
The gnoll hits you from afar with a +0 spear.
You continue putting on your amulet of regeneration.
The gnoll hits you with a +0 club.
* * * LOW HITPOINT WARNING * * *
You finish putting on your amulet of regeneration.
The amulet cannot attune itself to your injured body.
f - an amulet of regeneration (around neck)
Aiming: Freeze (safe; 3% risk of failure)
Press: ? - help, Q - select action Shift-Dir - straight line, f - gnoll
Aim: a gnoll, wielding a +0 club You freeze the gnoll.
The gnoll is moderately wounded.
The gnoll barely misses you.
Aiming: Freeze (safe; 3% risk of failure)
Press: ? - help, Q - select action Shift-Dir - straight line, f/p - gnoll
Aim: a gnoll, wielding a +0 club (moderately wounded)
You freeze the gnoll.
The gnoll is heavily wounded.
The gnoll hits you with a +0 club.
* * * LOW HITPOINT WARNING * * *
The gnoll hits you from afar with a +0 spear.
You die...

# #.#.# #.
..#.#
#.###...#
###.....#.##
......#.#..#
#.....#..#####
#.....#......#
#....@#<.....#
#.....ggg....#
#.....##.....#
#.....# .....#
####### .....#
######


You could see 3 gnolls.

Vanquished Creatures
  2 dart slugs (D:1)
  A ball python (D:1)
  2 bats (D:1)
  An endoplasm (D:1)
  4 giant cockroaches (D:1)
  A goblin (D:1)
  A hobgoblin (D:1)
  5 kobolds (D:1)
  4 frilled lizards (D:1)
21 creatures vanquished.

Notes
Turn   | Place    | Note
-------+----------+-------------------------------------------
     0 | D:1      | Jinxx the Demonspawn Ice Elementalist began the quest for
                  | the Orb.
     0 | D:1      | Reached XP level 1. HP: 13/13 MP: 3/3
    35 | D:1      | Found a faded altar of an unknown god.
   171 | D:1      | Gained mutation: A weak demonic guardian rushes to your
                  | aid. [demonic ancestry]
   171 | D:1      | Reached XP level 2. HP: 19/19 MP: 3/5
   292 | D:1      | Reached skill level 4 in Ice Magic
   950 | D:2      | Slain by a gnoll

Illustrated notes

Levels and vault maps discovered:
D:1:      lightli_arrival_chessboard, layout_basic,
          ebering_ecumenical_altar_ruins, bh_walls_and_bars
D:2:      layout_basic, uniq_jessica

Skill      XL: |  1  2 |
---------------+-------+-----
Ice Magic      | 4 |  4.2
Armour         | |  0.1
Dodging        | |  1.8
Stealth        | |  1.8
Spellcasting   | |  2.3

Action                     || total
---------------------------++-------
  Melee: Dagger            ||    25
   Cast: Freeze            ||    30
   Stab: Sleeping          ||     2
 Armour: Robe              ||    33
  Dodge: Dodged            ||    24
